 Dungeon Crawl Stone Soup version 0.31-a0-354-g827e0957a7 (webtiles) character file.

Game seed: 12302965022685320337

112 randomguy2701 the Chopper (level 4, -2/40 HPs)
             Began as a Hill Orc Fighter on July 24, 2023.
             Slain by a black bear (4 damage)
             ... on level 3 of the Dungeon.
             The game lasted 00:04:05 (1878 turns).

randomguy2701 the Chopper (Hill Orc Fighter)        Turns: 1878, Time: 00:04:06

Health: -2/40      AC:  9    Str: 20    XL:     4   Next: 95%
Magic:  4/4        EV:  7    Int:  8    God:
Gold:   64         SH:  4    Dex: 10    Spells: 3/3 levels left

rFire   + . .        a - +0 war axe
rCold   . . .        c - +0 buckler
rNeg    . . .        j - +0 chain mail
rPois   .            (no helmet)
rElec   .            (no cloak)
rCorr   .            (no gloves)
SInv    .            (no boots)
Will    +....        (no amulet) Stlth
                     h - ring of protection from fire
HPRegen 0.26/turn    (no ring)
MPRegen 0.09/turn

%: no passive effects
@: mighty, enlightened, flying
A: no striking features
a: no special abilities


You were on level 3 of the Dungeon.
You visited 1 branch of the dungeon, and saw 4 of its levels.

You collected 84 gold pieces.
You spent 20 gold pieces at shops.

Inventory:

Hand Weapons
 a - a +0 war axe (weapon)
Armour
 c - a +0 buckler (worn)
 j - a +0 chain mail (worn)
Jewellery
 h - a ring of protection from fire (left hand)
Wands
 b - a wand of flame (8)
Scrolls
 f - a scroll of noise {unknown}
 i - 2 scrolls of enchant weapon {unknown}
 l - a scroll of identify
Potions
 e - a potion of attraction {unknown}
 g - 2 potions of enlightenment
 k - a potion of heal wounds {unknown}
 m - a potion of berserk rage {unknown}


   Skills:
 + Level 4.3 Fighting
 + Level 4.4 Axes
 + Level 4.0 Armour
 + Level 0.2 Dodging
 + Level 4.0 Shields


You had 3 spell levels left.
You didn't know any spells.
Your spell library was empty.

Dungeon Overview and Level Annotations

Branches:
Dungeon (4/15)
 Temple: D:4-7

Altars:

Shops:
D:3 *

Annotations:
D:2 Sigmund


Message History

You closely miss the black bear.
The black bear is lightly wounded.
The black bear bites you but does no damage.
You block the black bear's attack.
The black bear claws you but does no damage.
You block the black bear's attack. x2
The black bear claws you but does no damage.
You closely miss the black bear.
The black bear is lightly wounded.
The black bear bites you but does no damage.
The black bear claws you but does no damage.
You block the black bear's attack.
You barely miss the black bear.
The black bear is lightly wounded.
The black bear bites you.
* * * LOW HITPOINT WARNING * * *
The black bear claws you.
* * * LOW HITPOINT WARNING * * *
The black bear claws you.
* * * LOW HITPOINT WARNING * * *
You barely miss the black bear.
The black bear is lightly wounded.
You block the black bear's attack.
The black bear claws you but does no damage. x2
The black bear bites you.
* * * LOW HITPOINT WARNING * * *
The black bear claws you.
* * * LOW HITPOINT WARNING * * *
The black bear claws you but does no damage.
It was a potion of enlightenment.
You feel very buoyant.
You fly up into the air.
The black bear completely misses you.
The black bear claws you but does no damage. x2
You hit the black bear.
The black bear is moderately wounded.
The black bear bites you but does no damage.
The black bear claws you.
* * * LOW HITPOINT WARNING * * *
The black bear claws you.
You die...

.........#............##.####.#
......................##.# ###
#...###..................#
...## ####.....>...##....###
##.# #.........##...∩..# #.#
##....###..#.##.††###### #.#
###..........#......... ##.#
##.h####.#........... ...#####
##.@###...##........ .......#
##........#........ .......#
######............ .......#
####........< .......#
#......... .......# #.........
.......# #......... .......#
#....###'# ######## ######≈≈.≈


You could see a black bear.

Vanquished Creatures
  Robin (D:2)
  4 adders
  3 dart slugs
  6 ball pythons
  3 bats
  6 endoplasms
  3 giant cockroaches
  13 goblins
  5 hobgoblins
  3 jackals (D:1)
  4 kobolds
  3 rats
54 creatures vanquished.

Notes
Turn   | Place    | Note
-------+----------+-------------------------------------------
     0 | D:1      | randomguy2701 the Hill Orc Fighter began the quest for the
                  | Orb.
     0 | D:1      | Reached XP level 1. HP: 19/19 MP: 1/1
    83 | D:1      | Reached XP level 2. HP: 25/27 MP: 2/2
   605 | D:2      | Noticed Robin
   633 | D:2      | Reached XP level 3. HP: 31/33 MP: 3/3
   642 | D:2      | Killed Robin
   925 | D:2      | Reached XP level 4. HP: 39/40 MP: 4/4
  1248 | D:2      | Noticed Sigmund
  1431 | D:3      | Found Yseiv's General Store.
  1450 | D:3      | Bought a scroll of identify for 20 gold pieces
  1809 | D:4      | Noticed a black bear
  1878 | D:3      | HP: 2/40 [black bear (2)]
  1878 | D:3      | Slain by a black bear

Illustrated notes

Levels and vault maps discovered:
D:1:      nzn_arrival_depleted_hourglass, layout_rooms, minmay_tripent
D:2:      layout_basic, uniq_sigmund, uniq_robin
D:3:      layout_rooms, serial_shops, shop, kennysheep_generic_room_13
D:4:      layout_loops_cross, nicolae_hepliaklqana_monster_ancestors

Skill      XL: |  1  2  3  4 |
---------------+-------------+-----
Axes           | 3 4 |  4.4
Fighting       | 4 |  4.3
Shields        | 4 |  4.0
Armour         | 4 |  4.0
Dodging        | |  0.2

Action                     |  1- 3 |  4- 6 || total
---------------------------+-------+-------++-------
  Melee: War axe           |    74 |    70 ||   144
    Use: Potion            |       |     2 ||     2
 Armour: Scale mail        |    33 |    14 ||    47
         Chain mail        |       |    43 ||    43
  Dodge: Dodged            |    32 |    49 ||    81
  Block: Buckler           |    16 |    30 ||    46

Table legend: (Time is in decaauts)
 A = Elapsed time spent in this place.
 B = Non-inter-level travel time spent in this place.
 C = Inter-level travel time spent in this place.
 D = Time resting spent in this place.
 E = Time spent auto-exploring this place.
 F = Levels seen in this place.
 G = Mean time per level.
                   A        B        C        D        E       F      G
               +--------+--------+--------+--------+--------+-----+--------+
         Total |   1928 |   1876 |     52 |      0 |   1429 |   4 |  482.0 |
       Dungeon |   1928 |   1876 |     52 |      0 |   1429 |   4 |  482.0 |
               +--------+--------+--------+--------+--------+-----+--------+

Top non-repeatable levels by time:
     D:2: 730 daAuts
     D:1: 668 daAuts
     D:3: 373 daAuts
     D:4: 156 daAuts
